 Dungeon Crawl Stone Soup version 0.27-a0-941-g386ccf399c (webtiles) character file.

Game seed: 10772334493304689349

1431 Glokmah the Magician (level 8, -15/58 HPs)
             Began as a Djinni Hedge Wizard on Apr 11, 2021.
             Was an Initiate of Elyvilon.
             Demolished by a wight
             ... wielding a +4 halberd
              (16 damage)
             ... on level 6 of the Dungeon.
             The game lasted 00:19:03 (8075 turns).

Glokmah the Magician (Djinni Hedge Wizard)          Turns: 8075, Time: 00:19:04

Health: -15/58     AC: 11    Str:  9    XL:     8   Next: 73%
Gold:   261        EV: 13    Int: 17    God:    Elyvilon [......] SH:  0 Dex: 14

rFire    + + +     SeeInvis .   a - +1 mace (protect)
rCold    x . .     Faith    .   (no shield)
rNeg     . . .     Spirit   .   u - +0 leather armour {rC+}
rPois    ∞         Reflect  .   j - +0 helmet
rElec    .         Harm     .   y - +1 cloak {Stlth+}
rCorr    .         Rampage  .   z - +0 pair of gloves
Will     .....                  (boots unavailable)
Stlth    +++.......             (no amulet)
HPRegen  0.19/turn              r - +4 ring of protection
MPRegen  0.00/turn              f - ring of fire

@: flying, very slightly contaminated
A: fire resistance 2, cold vulnerability 1, float, innate caster, hp casting,
extra vitality 1
a: Renounce Religion


You were on level 6 of the Dungeon.
You worshipped Elyvilon.
Elyvilon was noncommittal.
You visited 2 branches of the dungeon, and saw 7 of its levels.

You collected 261 gold pieces.

Inventory:

Hand Weapons
 a - a +1 mace of protection (weapon)
Missiles
 h - 31 stones
Armour
 j - a +0 helmet (worn)
 n - a +0 kite shield
 u - a +0 leather armour of cold resistance (worn)
 y - a +1 cloak of stealth (worn)
 z - a +0 pair of gloves (worn)
Jewellery
 f - a ring of fire (right hand)
 r - a +4 ring of protection (left hand)
Scrolls
 b - a scroll of immolation {unknown}
 d - 3 scrolls of acquirement {unknown}
 g - 4 scrolls of magic mapping {unknown}
 i - a scroll of fear {unknown}
 k - 4 scrolls of enchant weapon {unknown}
 m - 4 scrolls of identify {unknown}
 o - 2 scrolls of fog {unknown}
 t - 3 scrolls of teleportation {unknown}
 v - a scroll of vulnerability {unknown}
Potions
 e - a potion of lignification {unknown}
 l - a potion of curing
 p - a potion of flight {unknown}
 q - a potion of degeneration {unknown}
 s - 2 potions of attraction {unknown}
 w - a potion of heal wounds {unknown}
 x - 2 potions of magic {unknown}


   Skills:
 + Level 4.1 Fighting
 - Level 3.0 Armour
 - Level 5.0 Dodging
 - Level 1.6 Stealth
 + Level 3.9 Shields
 * Level 6.1 Spellcasting
 + Level 0.7 Invocations


You couldn't memorise any spells.
You knew the following spells:

 Your Spells              Type           Power      Damage    Failure   Level
a - Magic Dart            Conj           100%       1d8       1%          1
b - Blink                 Tloc           N/A        N/A       1%          2
c - Call Canine Familiar  Summ           26%        N/A       4%          3
d - Sandblast             Erth           52%        2d12      1%          1
e - Conjure Flame         Conj/Fire      39%        6-21      4%          3
f - Mephitic Cloud        Conj/Pois/Air  26%        N/A       4%          3
g - Slow                  Hex            26%        N/A       1%          2
h - Swiftness             Air            26%        N/A       1%          2
i - Call Imp              Summ           26%        N/A       1%          2
Your spell library was empty.

Dungeon Overview and Level Annotations

Branches:
Dungeon (6/15)             Temple (1/1) D:5

Altars:
Ashenzari
Cheibriados
Dithmenos
Elyvilon
Fedhas
Gozag
Hepliaklqana
Nemelex Xobeh
Qazlal
Ru
Sif Muna
Trog
Vehumet
Wu Jian
Xom
Yredelemnul
Zin
The Shining One

Shops:
D:1 (   D:4 !

Annotations:
D:6 2 transporters


Innate Abilities, Weirdness & Mutations

You are immune to poison.
Your flesh is very heat resistant. (rF++)
You are vulnerable to cold. (rC-)
You float through the air rather than walking.
You learn spells naturally, not from books.
Your magical power is your life essence.
You have superior vitality. (+4 HP)


Message History

Casting: Blink (safe; 1% risk of failure)
Confirm with . or Enter, or press ? or * to list all spells.
You miscast Call Canine Familiar.
You are very lightly contaminated with residual magic.
Nothing appears to happen.
* * * LOW HITPOINT WARNING * * *
Unknown command.
Found a trident.
Okay, then.
Unknown command.
Casting: Call Canine Familiar (dangerous; 4% risk of failure)
Confirm with . or Enter, or press ? or * to list all spells.
* * * LOW HITPOINT WARNING * * *
Your hound closely misses the wight.
Your hound bites the wight.
Your hound barely misses the wight.
Your hound misses the wight.
Your magical contamination has completely faded away.
Found 20 gold pieces.
Found a transporter.
Your hound bites the wight.
The wight closely misses your hound.
Your hound misses the wight.
Your hound barely misses the wight.
The wight hits your hound with a +4 halberd.
Your hound bites the wight.
The wight hits your hound with a +4 halberd!
Elyvilon protects your hound from harm!
Your hound bites the wight but does no damage.
Your hound bites the wight but does no damage.
The wight hits your hound with a +4 halberd!
Your hound dies!
Your hound's corpse disappears in a puff of smoke!
A wight comes into view. It is wielding a +0 flail.
Casting: Call Canine Familiar (dangerous; 4% risk of failure)
Confirm with . or Enter, or press ? or * to list all spells.
You miscast Call Canine Familiar.
You are very lightly contaminated with residual magic.
Nothing appears to happen.
* * * LOW HITPOINT WARNING * * *
The wight hits you from afar with a +4 halberd!
You die...

......... ..
#############....# .
P#≈≈≈≈≈≈≈#P8#z.#...#.###
..#≈P≈≈P..#..#..###.#.#.
©$+≈≈≈♣P..+/©#©.........
..#≈≈P≈≈..#..#..###...>.##
8P#≈≈≈;≈;;#P8#.......#...#
##############..##..).##.#
............@...#####....####
###....#.z.............)[...
#....#........##.#.###....
#................#.##...##
#....#.......#####.##...#
#..).#.......# #.##...#
#....#.......# #......#
#########..### ##.##### ..##
##


You could see 3 electric eels and 2 wights.

Vanquished Creatures
  A black bear (D:4)
  An ogre (D:5)
  A centaur (D:6)
  2 water moccasin skeletons
  2 wights (D:6)
  2 bullfrog zombies
  2 hounds
  An orc priest (D:4)
  2 jellies
  Crazy Yiuf (D:5)
  A centaur skeleton (D:5)
  2 iguanas
  4 orc wizards
  12 adders
  A white imp (D:6)
  A worm (D:5)
  14 orcs
  10 ball pythons
  5 endoplasms
  3 giant cockroaches
  5 goblins
  5 hobgoblins
  A jackal (D:2)
  7 quokkas
  6 bats
  3 frilled lizards
  8 kobolds
  5 rats
108 creatures vanquished.

Vanquished Creatures (collateral kills)
  A sky beast (D:4)
  A necrophage (D:3)
  2 ogres
  A wight (D:6)
  A bullfrog zombie (D:5)
  An orc priest (D:3)
  2 orc wizards (D:4)
  A worm (D:2)
  5 orcs
  3 jackals (D:2)
  A rat (D:2)
19 creatures vanquished.

Grand Total: 127 creatures vanquished

Notes
Turn   | Place    | Note
-------+----------+-------------------------------------------
     0 | D:1      | Glokmah the Djinni Hedge Wizard began the quest for the
                  | Orb.
     0 | D:1      | Reached XP level 1. HP: 15/15 MP: 0/0
   186 | D:1      | Found a faded altar of an unknown god.
   565 | D:1      | Reached skill level 3 in Spellcasting
   565 | D:1      | Reached XP level 2. HP: 17/21 MP: 0/0
  1038 | D:1      | Found Kupsoame's Weapon Shoppe.
  1558 | D:2      | Reached XP level 3. HP: 18/26 MP: 0/0
  1558 | D:2      | Learned a level 1 spell: Sandblast
  1936 | D:2      | Reached skill level 1 in Armour
  2143 | D:2      | Reached skill level 1 in Fighting
  2198 | D:2      | Reached XP level 4. HP: 10/32 MP: 0/0
  3668 | D:3      | Reached XP level 5. HP: 32/37 MP: 0/0
  3668 | D:3      | Learned a level 2 spell: Swiftness
  3814 | D:3      | Reached skill level 1 in Shields
  4299 | D:3      | Reached skill level 4 in Spellcasting
  4299 | D:3      | Noticed a necrophage
  4317 | D:3      | Killed a necrophage
  4318 | D:3      | Reached XP level 6. HP: 29/43 MP: 0/0
  4345 | D:3      | HP: 1/43 [adder (1)]
  5144 | D:4      | Reached XP level 7. HP: 37/49 MP: 0/0
  5144 | D:4      | Learned a level 3 spell: Call Canine Familiar
  5213 | D:4      | Found an opulent altar of Gozag.
  5244 | D:4      | Found Eley's Distillery.
  6084 | D:4      | Reached skill level 5 in Spellcasting
  6215 | D:5      | Entered Level 5 of the Dungeon
  6340 | D:5      | Found a sacrificial altar of Ru.
  6666 | D:5      | Reached XP level 8. HP: 51/56 MP: 0/0
  6697 | D:5      | Found a staircase to the Ecumenical Temple.
  6715 | Temple   | Entered the Ecumenical Temple
  6948 | Temple   | Became a worshipper of Elyvilon the Healer
  7579 | D:5      | Found a runed translucent door.
  7580 | D:5      | Noticed Crazy Yiuf
  7590 | D:5      | Killed Crazy Yiuf
  7843 | D:6      | Reached skill level 5 in Dodging
  7854 | D:6      | Reached skill level 6 in Spellcasting
  8055 | D:6      | Found a transporter.
  8066 | D:6      | Found a transporter.
  8075 | D:6      | Demolished by a wight

Illustrated notes

Levels and vault maps discovered:
D:1:      grunt_arrival_lava_bath, layout_loops_corners, serial_shops,
          shop_statue, shapermc_ecumenical_altar_notcrosses
D:2:      layout_loops_cross
D:3:      layout_basic, serial_bayou_lake_a
D:4:      layout_basic, nicolae_overflow_hidden_temple, serial_shops, shop_coins
D:5:      layout_loops_ring, lemuel_round_altar, minmay_temple_entry_mist,
          uniq_crazy_yiuf_cottage
D:6:      gammafunk_steamed_eel, layout_rooms, serial_shops, shop, st_stairs_5,
          roderic_roman_lattice
Temple:   nicolae_temple_elliptical

Skill      XL: |  1  2  3  4  5  6  7  8 |
---------------+-------------------------+-----
Spellcasting   | 3 4 5 6 |  6.1
Armour         | 1 2 3 |  3.0
Fighting       | 1 2 3 4 |  4.1
Dodging        | 3 4 5 |  5.0
Shields        | 1 2 3 |  3.9
Stealth        | |  1.6
Invocations    | |  0.7

Action                   |  1- 3 |  4- 6 |  7- 9 || total
-------------------------+-------+-------+-------++-------
Melee: Dagger            |       |     3 |     8 ||    11
 Cast: Magic Dart        |    62 |    74 |    78 ||   214
       Call Imp          |     5 |    11 |     5 ||    21
       Sandblast         |     3 |    45 |    51 ||    99
       Blink             |     3 |     8 |     9 ||    20
       Call Canine Famil |       |       |    10 ||    10
  Use: Potion            |       |     1 |       ||     1
 Stab: Distracted        |       |       |     1 ||     1
Armor: Robe              |     2 |     7 |       ||     9
       Leather armour    |       |     3 |    11 ||    14
Dodge: Dodged            |     5 |    29 |    22 ||    56

Table legend: (Time is in decaauts)
 A = Elapsed time spent in this place.
 B = Non-inter-level travel time spent in this place.
 C = Inter-level travel time spent in this place.
 D = Time resting spent in this place.
 E = Time spent auto-exploring this place.
 F = Levels seen in this place.
 G = Mean time per level.
                   A        B        C        D        E       F      G
               +--------+--------+--------+--------+--------+-----+--------+
         Total |   8084 |   7575 |    509 |   1177 |   5255 |   7 | 1154.9 |
       Dungeon |   7820 |   7428 |    392 |   1177 |   5114 |   6 | 1303.3 |
        Temple |    264 |    147 |    117 |      0 |    141 |   1 |  264.0 |
               +--------+--------+--------+--------+--------+-----+--------+

Top non-repeatable levels by time:
     D:3: 1792 daAuts
     D:2: 1631 daAuts
     D:1: 1488 daAuts
     D:4: 1425 daAuts
     D:5: 1178 daAuts
     D:6: 303 daAuts
  Temple: 264 daAuts
